 Dungeon Crawl Stone Soup version 0.29.0-4-gdea44cf6ec (webtiles) character file.

Game seed: 7604564824177033776

4449 qw the Cleaver (level 10, -8/80 HPs)
             Began as a Formicid Cinder Acolyte on Sept 3, 2022.
             Was an Initiate of Ignis.
             Mangled by a two-headed ogre
             ... wielding a +0 giant club
              (11 damage)
             ... on level 8 of the Dungeon.
             The game lasted 00:05:46 (10676 turns).

qw the Cleaver (Formicid Cinder Acolyte)           Turns: 10676, Time: 00:05:46

Health: -8/80      AC: 17    Str: 24    XL:     10   Next: 63%
Magic:  0/11       EV:  8    Int: 13    God:    Ignis [......]
Gold:   441        SH:  0    Dex:  9    Spells: 11/11 levels left

rFire   + . .      SeeInvis +   e - +0 war axe
rCold   . . .      Faith    .   (no shield)
rNeg    . . .      Spirit   +   l - +0 chain mail
rPois   .          Reflect  .   (helmet unavailable)
rElec   .          Harm     .   c - +0 cloak
rCorr   .          Rampage  .   g - +1 pair of gloves
Will    +....                   (no boots)
Stlth   ..........              p - amulet of guardian spirit
HPRegen 0.23/turn               a - +4 ring of protection
MPRegen 0.12/turn               (no ring)

@: no status effects
A: permanent stasis, dig shafts and tunnels, antennae 3, four strong arms
a: Dig, Shaft Self, Renounce Religion, Rising Flame


You were on level 8 of the Dungeon.
You worshipped Ignis.
Ignis was noncommittal.
You visited 1 branch of the dungeon, and saw 8 of its levels.
You also visited: Sewer.

You collected 441 gold pieces.


Innate Abilities, Weirdness & Mutations

You cannot be hasted, slowed, berserked, paralysed or teleported.
You can dig through walls and to a lower floor.
You have a pair of large antennae on your head. (SInv)
Your four strong arms can wield two-handed weapons with a shield.


   Skills:
 - Level 8.0 Fighting
 + Level 11.6 Axes
 - Level 3.8 Throwing
 - Level 5.5 Armour
 - Level 2.0 Dodging
 - Level 1.1 Spellcasting
 - Level 3.0 Fire Magic


You had 11 spell levels left.
You didn't know any spells.
Your spell library contained the following spells:

 Spells                   Type           Power      Damage    Failure   Level
 Scorch                   Fire           16%        2d5       63%         2

Inventory:

Hand Weapons
 e - a +0 war axe (weapon)
 h - a +0 flail of protection
Missiles
 r - a javelin (quivered)
Armour
 c - a +0 cloak (worn)
 g - a +1 pair of gloves (worn)
 l - a +0 chain mail (worn)
Jewellery
 a - a +4 ring of protection (left hand)
 p - an amulet of guardian spirit (around neck)
Wands
 k - a wand of digging (7)
Scrolls
 i - a scroll of identify
Potions
 b - 2 potions of heal wounds
 d - a potion of haste
 f - a potion of mutation
 j - a potion of resistance {unknown}
 m - a potion of curing
 o - a potion of might {unknown}

Dungeon Overview and Level Annotations

Branches:
Dungeon (8/15)             Temple (0/1) D:6           Sewer (visited)
   Lair: D:8-11

Altars:
Dithmenos
Elyvilon
Fedhas
Gozag
Hepliaklqana
Makhleb
Okawaru
Qazlal
Ru
Sif Muna
Uskayaw
Vehumet
Wu Jian
Zin

Shops:
D:1 :

Portals:
Abyss: D:7

Annotations:
D:7 2 transporters, qw's ghost, novice TrCA


Message History

The orc barely misses you.
The orc warrior hits you but does no damage.
You barely miss the orc warrior.
The orc warrior is moderately wounded.
The orc hits you from afar with a +0 trident.
The orc warrior hits you with a +4 hand axe.
You barely miss the orc warrior.
The orc warrior is moderately wounded.
The orc hits you but does no damage.
You slash the orc warrior!
The orc warrior is severely wounded.
The orc hits you but does no damage.
The orc warrior hits you with a +4 hand axe!
You slash the orc warrior!
The orc warrior is almost dead.
You hit the two-headed ogre but do no damage.
The orc hits you but does no damage. The two-headed ogre barely misses you.
The two-headed ogre hits you with a +0 great mace of protection.
The orc warrior hits you but does no damage.
An electric eel comes into view.
You barely miss the orc warrior.
The orc warrior is almost dead.
You hit the two-headed ogre. You slash the orc warrior!
You kill the orc warrior!
You hit the two-headed ogre. The orc hits you but does no damage.
The two-headed ogre hits you with a +0 giant club!!
The two-headed ogre hits you with a +0 great mace of protection.
You barely miss the two-headed ogre.
The two-headed ogre is lightly wounded.
The orc hits you but does no damage.
The electric eel shoots out a bolt of lightning at you!
The bolt of electricity hits you!
You slash the two-headed ogre!
The two-headed ogre is moderately wounded.
The orc hits you from afar with a +0 trident.
The two-headed ogre hits you with a +0 giant club!!
The two-headed ogre hits you with a +0 great mace of protection!
You die...

~~ 7...#.#
~~~~7...#.#
~~~~7...#.#
~~~7~.....
~~~~~P~....#
~~~~~~S~~~..o.#
~~~~~~~~7~....#
~~~~~~~~77.O@)#
~~~~~~PP7.....#
~~~~~~77~.....#
7~P~~~~~~.....#
~~~~PP~P~.....#
~~P~~~~~......#
~P~P~~~7.<....#
~~~~77P7#######
~~~ ~#


You could see a two-headed ogre, an electric eel and an orc.

Vanquished Creatures
  Pikel (D:5)
  A cyclops (D:6)
  A troll (D:6)
  Prince Ribbit (D:5)
  A wyvern (D:5)
  A steam dragon (D:6)
  Edmund (D:4)
  A water moccasin (D:4)
  Duvessa (D:5)
  3 sky beasts
  An orc warrior (D:8)
  3 ogres
  A centaur (D:7)
  A phantom (D:4)
  4 lemures (D:5)
  Blork the orc (D:5)
  A bullfrog (Sewer)
  6 scorpions
  5 wights (D:7)
  Dowan (D:5)
  5 hounds
  2 jellies
  5 orc priests
  A gnoll bouda (D:7)
  4 iguanas
  3 orc wizards
  9 gnolls
  11 adders
  A river rat (D:4)
  A white imp (D:6)
  4 worms
  3 dart slugs
  22 orcs
  14 ball pythons
  6 bats
  16 endoplasms
  16 giant cockroaches
  8 goblins
  7 hobgoblins
  15 quokkas
  16 frilled lizards
  6 kobolds
  7 rats
218 creatures vanquished.

Vanquished Creatures (others)
  5 plants (D:8)
5 creatures vanquished.

Grand Total: 223 creatures vanquished

Notes
Turn   | Place    | Note
-------+----------+-------------------------------------------
     0 | D:1      | qw the Formicid Cinder Acolyte began the quest for the Orb.
     0 | D:1      | Reached XP level 1. HP: 18/18 MP: 2/2
     0 | D:1      | 0 ||| qw: Version: 0.1-a-102-g441f92d
     0 | D:1      | 0 ||| qw: Game counter: 5192
     0 | D:1      | 0 ||| qw: Always use a shield: true
     0 | D:1      | 0 ||| qw: God list: Okawaru
     0 | D:1      | 0 ||| qw: Allow faded altars: false
     0 | D:1      | 0 ||| qw: Do Orc after D:15 true
     0 | D:1      | 0 ||| qw: Do second Lair branch before Depths: true
     0 | D:1      | 0 ||| qw: Lair rune preference: random
     0 | D:1      | 0 ||| qw: Plans: Normal
     0 | D:1      | 0 ||| PLANNING D:1-11
   326 | D:1      | 326 ||| Stepping ~*~*~tactically~*~*~ (stealth).
   328 | D:1      | Reached XP level 2. HP: 24/24 MP: 3/3
   409 | D:1      | 409 ||| Stepping ~*~*~tactically~*~*~ (stealth).
   655 | D:1      | 655 ||| Stepping ~*~*~tactically~*~*~ (stealth).
   656 | D:1      | 656 ||| Stepping ~*~*~tactically~*~*~ (stealth).
   800 | D:1      | 800 ||| Stepping ~*~*~tactically~*~*~ (hiding).
   908 | D:1      | Reached skill level 4 in Axes
   908 | D:1      | Reached XP level 3. HP: 25/29 MP: 4/4
  1030 | D:1      | Found Idemaos's Vocational Training.
  1135 | D:1      | 1135 ||| INVOKING Fiery Armour.
  1589 | D:1      | 1589 ||| READING scroll labelled SISAGOV WANI RONK.
  1590 | D:1      | 1590 ||| READING scroll labelled WAWIEG NAEGAWI.
  1591 | D:1      | 1591 ||| READING scroll labelled REMUEP TIEFAFE.
  1592 | D:1      | 1592 ||| READING scroll labelled NEYCVO KOKLACAYD.
  1666 | D:1      | 1666 ||| DROPPING +0 club.
  1667 | D:1      | 1667 ||| DRINKING 2 amethyst potions.
  1668 | D:1      | 1668 ||| DROPPING potion of attraction.
  1716 | D:2      | 1716 ||| STAIRDANCE
  1720 | D:1      | Reached skill level 1 in Dodging
  1951 | D:2      | Found a faded altar of an unknown god.
  1968 | D:2      | 1968 ||| Stepping ~*~*~tactically~*~*~ (stealth).
  2338 | D:2      | 2338 ||| Stepping ~*~*~tactically~*~*~ (stealth).
  2342 | D:2      | Reached XP level 4. HP: 35/35 MP: 5/5
  2379 | D:2      | 2379 ||| Stepping ~*~*~tactically~*~*~ (stealth).
  2680 | D:2      | 2680 ||| UPGRADING to +0 pair of gloves.
  2685 | D:2      | 2685 ||| UPGRADING to +0 leather armour.
  2695 | D:2      | 2695 ||| DROPPING +0 robe.
  2696 | D:2      | 2696 ||| UPGRADING to +4 ring of protection.
  2697 | D:2      | 2697 ||| READING scroll labelled LUCOLO MEUTEORUSM.
  2698 | D:2      | 2698 ||| DRINKING 2 clear potions.
  2699 | D:2      | 2699 ||| DRINKING 2 red potions.
  2739 | D:2      | 2739 ||| DROPPING potion of lignification.
  2856 | D:3      | Found an opulent altar of Gozag.
  3030 | D:3      | 3030 ||| INVOKING Fiery Armour.
  3033 | D:3      | Reached skill level 5 in Axes
  3041 | D:3      | Reached XP level 5. HP: 21/41 MP: 6/6
  3041 | D:3      | 3041 ||| FLEEEEING.
  3042 | D:3      | 3042 ||| FLEEEEING.
  3200 | D:3      | Found a shimmering blue altar of Sif Muna.
  3206 | D:3      | 3206 ||| READING scroll labelled HUVOPIZESO.
  3207 | D:3      | 3207 ||| INVOKING Fiery Armour.
  3224 | D:3      | 3224 ||| FLEEEEING.
  3225 | D:3      | 3225 ||| FLEEEEING.
  3226 | D:3      | 3226 ||| FLEEEEING.
  3227 | D:3      | 3227 ||| FLEEEEING.
  3228 | D:3      | 3228 ||| FLEEEEING.
  3229 | D:3      | 3229 ||| FLEEEEING.
  3230 | D:3      | 3230 ||| FLEEEEING.
  3231 | D:3      | 3231 ||| FLEEEEING.
  3234 | D:3      | 3234 ||| FLEEEEING.
  3241 | D:3      | 3241 ||| FLEEEEING.
  3242 | D:3      | 3242 ||| FLEEEEING.
  3243 | D:3      | 3243 ||| FLEEEEING.
  3244 | D:3      | 3244 ||| FLEEEEING.
  3245 | D:3      | 3245 ||| FLEEEEING.
  3246 | D:3      | 3246 ||| FLEEEEING.
  3247 | D:3      | 3247 ||| FLEEEEING.
  3248 | D:3      | 3248 ||| FLEEEEING.
  3329 | D:3      | 3329 ||| DROPPING +0 whip.
  3395 | D:3      | 3395 ||| Stepping ~*~*~tactically~*~*~ (hiding).
  3396 | D:3      | 3396 ||| Stepping ~*~*~tactically~*~*~ (hiding).
  3739 | D:3      | Found a blossoming altar of Fedhas.
  3751 | D:3      | Reached skill level 6 in Axes
  3751 | D:3      | Reached XP level 6. HP: 41/47 MP: 7/7
  4284 | D:3      | Reached skill level 1 in Armour
  4313 | D:3      | 4313 ||| UPGRADING to +0 ring mail of cold resistance.
  4323 | D:3      | 4323 ||| DROPPING +0 leather armour.
  4324 | D:3      | 4324 ||| UPGRADING to +0 chain mail.
  4334 | D:3      | 4334 ||| DROPPING +0 ring mail of cold resistance.
  4335 | D:3      | 4335 ||| READING scroll labelled YDEC LI YG BUCLU.
  4336 | D:3      | 4336 ||| READING scroll labelled GUTECL CEDILE.
  4337 | D:3      | 4337 ||| DRINKING 3 pink potions.
  4346 | D:4      | 4346 ||| PLANNING SEWER
  4347 | D:4      | Identified the +4 short sword "Bung" {elec, Int+4 Dex+5}
  4373 | D:4      | 4373 ||| Stepping ~*~*~tactically~*~*~ (stealth).
  4418 | D:4      | Noticed a water moccasin
  4434 | D:4      | Killed a water moccasin
  4435 | D:4      | Reached XP level 7. HP: 35/55 MP: 8/8
  4579 | D:4      | Found a glowing drain.
  4580 | D:4      | 4580 ||| UPGRADING to +0 cloak.
  4595 | D:4      | 4595 ||| INVOKING Fiery Armour.
  4636 | Sewer    | Entered a sewer
  4691 | Sewer    | Reached skill level 3 in Armour
  4896 | Sewer    | 4896 ||| Stepping ~*~*~tactically~*~*~ (water).
  4905 | Sewer    | 4905 ||| Stepping ~*~*~tactically~*~*~ (water).
  4944 | Sewer    | 4944 ||| Stepping ~*~*~tactically~*~*~ (stealth).
  4977 | Sewer    | 4977 ||| READING scroll of enchant armour.
  4977 | Sewer    | 4977 ||| ENCHANTING +0 pair of gloves.
  4981 | Sewer    | 4981 ||| DRINKING 3 fuming red potions.
  4982 | Sewer    | 4982 ||| DROPPING 2 potions of degeneration.
  4997 | D:4      | 4997 ||| PLANNING D:1-11
  5122 | D:4      | 5122 ||| Stepping ~*~*~tactically~*~*~ (stealth).
  5235 | D:4      | 5235 ||| INVOKING Fiery Armour.
  5236 | D:4      | Reached skill level 7 in Axes
  5442 | D:4      | 5442 ||| READING scroll of brand weapon.
  5442 | D:4      | 5442 ||| BRANDING +0 hand axe of draining.
  5550 | D:4      | Reached skill level 1 in Throwing
  5550 | D:4      | Reached XP level 8. HP: 55/61 MP: 9/9
  5663 | D:4      | 5663 ||| INVOKING Fiery Armour.
  5935 | D:4      | 5935 ||| READING scroll labelled FIJEBRUMADD.
  5963 | D:5      | Entered Level 5 of the Dungeon
  5972 | D:5      | Noticed Edmund
  5977 | D:5      | 5977 ||| Stepping ~*~*~tactically~*~*~ (stealth).
  5978 | D:5      | 5978 ||| STAIRDANCE
  6002 | D:5      | 6002 ||| STAIRDANCE
  6053 | D:4      | 6053 ||| INVOKING Fiery Armour.
  6057 | D:4      | Killed Edmund
  6058 | D:4      | Reached skill level 8 in Axes
  6250 | D:4      | 6250 ||| DROPPING +0 flail.
  6263 | D:5      | 6263 ||| Stepping ~*~*~tactically~*~*~ (stealth).
  6264 | D:5      | 6264 ||| Stepping ~*~*~tactically~*~*~ (stealth).
  6390 | D:5      | Noticed a wyvern
  6399 | D:5      | Killed a wyvern
  6441 | D:5      | Reached skill level 9 in Axes
  6464 | D:5      | Noticed Prince Ribbit
  6497 | D:5      | 6497 ||| INVOKING Fiery Armour.
  6500 | D:5      | Killed Prince Ribbit
  6501 | D:5      | Reached XP level 9. HP: 31/68 MP: 10/10
  6862 | D:5      | Noticed Duvessa
  6862 | D:5      | Noticed Dowan
  6863 | D:5      | 6863 ||| INVOKING Fiery Armour.
  6870 | D:5      | Killed Dowan
  6883 | D:5      | HP: 13/69 [Duvessa/+0 short sword (14)]
  6884 | D:5      | 6884 ||| DRINKING 2 potions of heal wounds.
  6886 | D:5      | Killed Duvessa
  6887 | D:5      | Reached skill level 6 in Fighting
  7217 | D:5      | Noticed Blork the orc
  7230 | D:5      | Killed Blork the orc
  7319 | D:5      | Found a shadowy altar of Dithmenos.
  7326 | D:5      | Found a glowing silver altar of Zin.
  7335 | D:5      | Found a burning altar of Makhleb.
  7342 | D:5      | Found a sacrificial altar of Ru.
  7348 | D:5      | Found a hazy altar of Hepliaklqana.
  7355 | D:5      | Found a stormy altar of Qazlal.
  7361 | D:5      | Found a radiant altar of Vehumet.
  7631 | D:5      | Noticed Pikel
  7665 | D:5      | 7665 ||| INVOKING Fiery Armour.
  7670 | D:5      | Killed Pikel
  7671 | D:5      | Reached skill level 10 in Axes
  8157 | D:5      | 8157 ||| READING scroll labelled ZUEMAS OD ARGHA.
  8181 | D:6      | 8181 ||| INVOKING Fiery Armour.
  8449 | D:6      | 8449 ||| Stepping ~*~*~tactically~*~*~ (hiding).
  8478 | D:6      | 8478 ||| INVOKING Fiery Armour.
  8654 | D:6      | Found a hide-covered altar of Uskayaw.
  8720 | D:6      | Found a staircase to the Ecumenical Temple.
  8770 | D:6      | 8770 ||| Stepping ~*~*~tactically~*~*~ (hiding).
  8853 | D:6      | Found a white marble altar of Elyvilon.
  8884 | D:6      | Reached XP level 10. HP: 79/79 MP: 11/11
  8970 | D:6      | Found an ornate altar of the Wu Jian Council.
  9093 | D:6      | 9093 ||| INVOKING Fiery Armour.
  9095 | D:6      | Reached skill level 3 in Throwing
  9328 | D:6      | Noticed a cyclops
  9349 | D:6      | Killed a cyclops
  9350 | D:6      | Reached skill level 11 in Axes
  9665 | D:6      | 9665 ||| DROPPING scarf of invisibility.
  9666 | D:6      | 9666 ||| UPGRADING to amulet of guardian spirit.
  9671 | D:6      | 9671 ||| READING scroll labelled XEUBAORIGU.
  9672 | D:6      | 9672 ||| READING scroll labelled ACLUKU RATH.
  9673 | D:6      | 9673 ||| DRINKING 2 dark potions.
  9674 | D:6      | 9674 ||| DRINKING 2 smoky puce potions.
  9675 | D:6      | 9675 ||| DROPPING potion of flight.
  9854 | D:7      | 9854 ||| Stepping ~*~*~tactically~*~*~ (hiding).
  9915 | D:7      | Found an iron altar of Okawaru.
 10161 | D:7      | 10161 ||| READING scroll of enchant weapon.
 10161 | D:7      | 10161 ||| ENCHANTING +0 hand axe of protection.
 10305 | D:7      | 10305 ||| Stepping ~*~*~tactically~*~*~ (hiding).
 10478 | D:7      | Found a transporter.
 10491 | D:7      | Found a one-way gate to the infinite horrors of the Abyss.
 10491 | D:7      | Noticed qw's ghost (novice TrCA)
 10520 | D:7      | Found a transporter.
 10531 | D:7      | 10531 ||| SWAPPING to +0 war axe.
 10532 | D:7      | 10532 ||| DROPPING +1 hand axe of protection.
 10626 | D:7      | 10626 ||| READING 2 scrolls of identify.
 10626 | D:7      | 10626 ||| IDENTIFYING bubbling grey potion
 10663 | D:8      | Noticed a two-headed ogre
 10676 | D:8      | HP: 3/80 [two-headed ogre/+0 giant club (18)]
 10676 | D:8      | Mangled by a two-headed ogre

Levels and vault maps discovered:
D:1:      kennysheep_arrival_seaside, layout_loops_corners, nrook_loot_triangle,
          st_stairs_8, nicolae_shop_vocational
D:2:      layout_rooms, shapermc_ecumenical_altar_venn, corner_web_ring
D:3:      layout_basic, mainiacjoe_overflow_brackets,
          nicolae_overflow_crystal_walls, amcnicky_altar_gilded, serial_curves,
          eino_curves_01, eino_curves_02, eino_curves_03, eino_curves_02
D:4:      layout_rooms, portal_sewer_entry_c, minmay_manual_moon,
          uniq_crazy_yiuf_cottage, uniq_eustachio
D:5:      layout_basic, grunt_temple_overflow_octagram, kennysheep_donut,
          hangedman_decor_peaks_small, uniq_edmund, uniq_blork_the_orc,
          uniq_prince_ribbit1, uniq_duvessa, uniq_pikel
D:6:      layout_gridville, mainiacjoe_overflow_chevrons,
          eat_drink_and_be_merry_uskayaw, mainiacjoe_overflow_paths,
          minmay_temple_entry_mist, minmay_three_doors
D:7:      layout_basic, overflow_temple_1_default,
          gammafunk_ghost_abyssal_escape, chequers_serial_rivers_room_b,
          minmay_strange_pillars
D:8:      minmay_the_grid_octo_tiled_squarecenter
          [minmay_the_grid_octo_thin_diamonds, minmay_the_grid_octo_clover,
          minmay_the_grid_octo_odd_swirl, minmay_the_grid_octo_concentric,
          minmay_the_grid_square_5x5_megaprize_checkered,
          minmay_the_grid_square_5x5_three_walls,
          minmay_the_grid_square_5x5_inner_v,
          minmay_the_grid_square_5x5_tetrominoes,
          minmay_the_grid_square_5x5_inner_z], layout_basic,
          lemuel_coloured_pillars_altar, serial_bayou, serial_bayou_ford_a,
          serial_bayou_lake_a, serial_bayou_pond_d, serial_bayou_pond_a

Skill      XL: |  1  2  3  4  5  6  7  8  9 10 |
---------------+-------------------------------+-----
Axes           | 4 5 6 7 9 10 11 | 11.6
Dodging        | 1 2 |  2.0
Armour         | 2 3 4 5 |  5.5
Fighting       | 4 5 7 8 |  8.0
Throwing       | 1 2 3 |  3.8
Spellcasting   | |  1.1
Fire Magic     | |  3.0

Action                   |  1- 3 |  4- 6 |  7- 9 | 10-12 || total
-------------------------+-------+-------+-------+-------++-------
Melee: Hand axe          |   104 |   136 |   502 |   182 ||   924
       Punch             |     1 |     2 |     1 |     3 ||     7
       War axe           |       |       |       |    11 ||    11
Throw: Boomerang         |       |     7 |    47 |       ||    54
       Javelin           |       |       |     1 |    17 ||    18
Invok: Fiery Armour      |     1 |     2 |     9 |     1 ||    13
  Use: Scroll            |     4 |     4 |     4 |     4 ||    16
       Potion            |     1 |     3 |     2 |     2 ||     8
Armor: Robe              |    14 |     4 |       |       ||    18
       Leather armour    |       |    26 |       |       ||    26
       Chain mail        |       |    16 |   265 |   137 ||   418
Dodge: Dodged            |    49 |    66 |   182 |    82 ||   379

Table legend:
 A = Non-vault XP
 B = Vault XP
 C = Vault XP percentage of total XP
 D = Non-vault monster count
 E = Vault monster count
 F = Vault count percentage of total count
                 A         B        C        D         E       F
            +---------+---------+-------+---------+---------+-------
      Total |    3527 |    2830 |  44.5 |     146 |      68 |  31.8
            +---------+---------+-------+---------+---------+-------
        D:1 |      41 |       2 |   4.7 |      21 |       1 |   4.5
        D:2 |      71 |       0 |   0.0 |      27 |       0 |   0.0
        D:3 |     194 |       0 |   0.0 |      26 |       0 |   0.0
        D:4 |     524 |     329 |  38.6 |      20 |      10 |  33.3
        D:5 |     776 |    1311 |  62.8 |      17 |       5 |  22.7
        D:6 |     745 |     972 |  56.6 |      12 |       3 |  20.0
        D:7 |    1048 |       0 |   0.0 |      21 |       0 |   0.0
        D:8 |     128 |       0 |   0.0 |       2 |       0 |   0.0
      Sewer |       0 |     216 | 100.0 |       0 |      49 | 100.0
            +---------+---------+-------+---------+---------+-------
